 Dungeon Crawl Stone Soup version 0.25.1-9-gc5326a611f (webtiles) character file.

Game seed: 10620187152163963376

133175 zeroc00l the Impaler (level 17, -2/119 HPs)
             Began as a Merfolk Summoner on Dec 23, 2020.
             Was a High Priest of Hepliaklqana.
             Slain by the 27-headed Lernaean hydra (8 damage)
             ... on level 4 of the Swamp on Dec 24, 2020.
             The game lasted 06:03:31 (48824 turns).

zeroc00l the Impaler (Merfolk Summoner)            Turns: 48824, Time: 06:03:31

Health: -2/119     AC: 11    Str: 12    XL:     17   Next: 14%
Magic:  25/27      EV: 18    Int: 24    God:    Hepliaklqana [*****.]
Gold:   1131       SH:  0    Dex: 14    Spells: 0/30 levels left

rFire    . . .     SeeInvis .   b - +2 glaive (distort)
rCold    . . .     Gourm    .   (shield currently unavailable)
rNeg     . . .     Faith    .   o - +1 ring mail of Day {Int+4}
rPois    +         Spirit   .   (no helmet)
rElec    .         Reflect  .   g - scarf {repulsion}
rCorr    .         Harm     .   K - +1 pair of gloves
MR       +....                  I - +0 pair of boots
Stlth    ++........             d - amulet of the acrobat
HPRegen  0.29/turn              e - ring of poison resistance
MPRegen  0.20/turn              L - +4 ring of protection

@: very slightly contaminated, repel missiles
A: change form in water, swift swim, stealthy swim, reduced essence, deformed
body, strong 1
a: Recall Ancestor, Ancestor Identity, Transference, Idealise, Renounce Religion


You were on level 4 of the Swamp.
You worshipped Hepliaklqana.
Hepliaklqana was extremely pleased with you.
You were not hungry.

You visited 6 branches of the dungeon, and saw 31 of its levels.

You collected 2620 gold pieces.
You spent 1489 gold pieces at shops.

Inventory:

Hand Weapons
 a - a +9 spear of venom
 b - a +2 glaive of distortion (weapon)
 c - the +7 falchion "Busonah" {flame, rElec rC+ Str+3}
   (You bought it in a shop on level 12 of the Dungeon)

   It has been specially enchanted to burn those struck by it, causing extra
   injury to most foes and up to half again as much damage against particularly
   susceptible opponents.
   Big, fiery blades are also staple armaments of hydra-hunters.
   It affects your strength (+3).
   It protects you from cold.
   It insulates you from electricity.
 G - a +0 demon blade of electrocution
 R - a +0 hand crossbow
Missiles
 p - 2 datura-tipped darts
 w - 6 atropa-tipped darts
 B - 20 curare-tipped darts
 C - 111 poisoned darts (quivered)
 V - 6 silver javelins
Armour
 g - a scarf of repulsion (worn)
 o - the +1 ring mail of Day (worn) {Int+4}
   (You took it off a spriggan on level 6 of the Lair of Beasts)

   It affects your intelligence (+4).
 t - a +0 buckler
 F - the +1 cloak of Komoble {rElec Int+3 Stlth+}
   (You found it on level 5 of the Dungeon)

   It affects your intelligence (+3).
   It insulates you from electricity.
   It makes you more stealthy.
 I - a +0 pair of boots (worn)
 K - a +1 pair of gloves (worn)
Jewellery
 d - an amulet of the acrobat (around neck)
 e - a ring of poison resistance (left hand)
 H - an uncursed ring of positive energy
 L - a +4 ring of protection (right hand)
 U - an uncursed ring of protection from fire
Wands
 q - a wand of iceblast (36)
 s - a wand of clouds (2)
 u - a wand of disintegration (9)
 E - a wand of paralysis (21)
 P - a wand of digging (22)
 Q - a wand of acid (13)
Scrolls
 i - 18 scrolls of remove curse
 j - 5 scrolls of identify
 k - 11 scrolls of teleportation
 m - 4 scrolls of fog
 x - a scroll of summoning
 y - 3 scrolls of fear
 D - 3 scrolls of magic mapping
 N - 2 scrolls of amnesia
 W - a scroll of holy word
Potions
 f - 2 potions of invisibility
 h - a potion of magic
 l - 4 potions of might
 n - 5 potions of stabbing
 r - 2 potions of heal wounds
 v - 3 potions of resistance
 z - 7 potions of curing
 A - 2 potions of cancellation
 O - 5 potions of haste
 S - 5 potions of berserk rage
Miscellaneous
 J - a phial of floods
Comestibles
 M - 40 rations


   Skills:
 - Level 12.0 Fighting
 * Level 19.7 Polearms
 - Level 4.0 Armour
 - Level 14.0 Dodging
 - Level 5.0 Stealth
 - Level 4.0 Shields
 - Level 7.3 Spellcasting
 - Level 5.0 Conjurations
 - Level 2.2 Hexes
 - Level 10.0 Summonings
 * Level 0.4 Translocations
 - Level 11.0 Transmutations
 - Level 6.0 Ice Magic
 - Level 6.0 Air Magic
 + Level 4.4 Earth Magic
 - Level 6.0 Invocations
 - Level 5.0 Evocations


You couldn't memorise any spells.
You knew the following spells:

 Your Spells              Type           Power        Failure   Level  Hunger
a - Summon Small Mammal   Summ           ####         1%          1    None
b - Call Imp              Summ           ######..     1%          2    None
c - Call Canine Familiar  Summ           ######..     1%          3    None
d - Summon Lightning Spi  Summ/Air       #####...     5%          4    ###....
e - Summon Ice Beast      Ice/Summ       #####...     5%          4    ###....
f - Summon Guardian Gole  Hex/Summ       #####...     3%          3    None
g - Irradiate             Conj/Tmut      #####.....   16%         5    #####..
h - Statue Form           Tmut/Erth      #####....    67%         6    ######.
i - Blink                 Tloc           N/A          19%         2    None

Your spell library contained the following spells:

 Spells                   Type           Power        Failure   Level  Hunger
 Freeze                   Ice            ####         1%          1    None
 Sting                    Tmut/Pois      ####         1%          1    None
 Poisonous Vapours        Pois/Air       ###...       6%          2    None
 Ignite Poison            Fire/Tmut/Pois ####....     10%         3    None
 Mephitic Cloud           Conj/Pois/Air  ####....     10%         3    None
 Hydra Form               Tmut           ######....   24%         6    ######.
 Portal Projectile        Hex/Tloc       ###...       26%         3    None
 Metabolic Englaciation   Hex/Ice        ####......   58%         5    #####..
 Dragon Form              Tmut           ######....   80%         7    #######
 Olgreb's Toxic Radiance  Pois           #.......     83%         4    ###....
 Disjunction              Tloc           ##........   100%        8    #######


Dungeon Overview and Level Annotations

Branches:
Dungeon (15/15)            Temple (1/1) D:4            Lair (6/6) D:11
  Swamp (4/4) Lair:3       Spider (3/4) Lair:4        Slime (0/5) Lair:5
    Orc (2/2) D:11            Elf (0/3) Orc:2        Vaults (0/5) D:13
 Depths (0/5) D:15

Altars:
Ashenzari
Cheibriados
Dithmenos
Fedhas
Gozag
Hepliaklqana
Makhleb
Nemelex Xobeh
Okawaru
Qazlal
Ru
Sif Muna
Trog
Uskayaw
Vehumet
Wu Jian
Xom
Yredelemnul
Zin
Beogh
Jiyva

Shops:
D:8 [   D:9 *   D:12 (   D:15 *   Orc:1 }   Orc:2 %!(!

Annotations:
Swamp:2 2 transporters, Gadfly's ghost, adept FoAK
Swamp:4 Lernaean hydra
Abyss:1 Agnes


Innate Abilities, Weirdness & Mutations

You revert to your normal form in water.
You are very nimble and swift while swimming.
You are very stealthy in the water. (Stealth+)
Your life essence is reduced to manifest your ancestor. (-10% HP)
Armour fits poorly on your strangely shaped body.
Your muscles are strong. (Str +2)


Message History

The 27-headed Lernaean hydra completely misses you. x2
The 27-headed Lernaean hydra misses you.
The 27-headed Lernaean hydra bites you but does no damage.
Si-Tayit hits the 27-headed Lernaean hydra with a +0 dagger of draining!
Casting: Summon Ice Beast (dangerous; 5% risk of failure)
Confirm with . or Enter, or press ? or * to list all spells.
You miscast Blink.
You are very lightly contaminated with residual magic.
Nothing appears to happen.
The 27-headed Lernaean hydra bites you!
* * * LOW HITPOINT WARNING * * *
The 27-headed Lernaean hydra bites you!
* * * LOW HITPOINT WARNING * * *
The 27-headed Lernaean hydra bites you.
* * * LOW HITPOINT WARNING * * *
The 27-headed Lernaean hydra bites you.
* * * LOW HITPOINT WARNING * * *
The 27-headed Lernaean hydra bites you!
* * * LOW HITPOINT WARNING * * *
The 27-headed Lernaean hydra bites you!
You die...

..≈≈≈≈≈≈≈≈≈≈♣ ♣♣♣≈♣♣ ♣♣≈..
♣♣.≈≈≈≈≈≈≈≈.♣♣♣ ♣♣..≈≈♣♣♣ ♣♣.≈..
.≈≈≈≈≈≈≈≈≈≈≈.≈♣♣♣≈≈..≈≈.♣♣♣♣.....
≈≈≈≈....≈≈≈≈.≈.♣≈.≈≈.≈.≈[♣♣.≈≈...
≈≈≈≈≈≈.≈≈≈≈....♣.≈.≈♣≈♣≈.....≈≈≈.
≈≈≈≈≈..≈≈≈≈≈≈.♣♣..≈♣♣♣...≈≈≈.≈..≈
♣.≈.≈..≈≈≈≈≈≈.<♣≈.≈♣♣..D≈..≈..≈♣)
≈....≈♣..≈≈≈≈≈RD♣.≈≈♣♣.♣..≈≈≈.≈..
.....♣♣♣♣♣...≈≈≈@..♣♣♣♣♣....≈..≈.
.≈≈.♣♣ ♣♣♣≈≈≈≈≈≈§≈.≈♣ ♣♣.≈≈≈.♣.≈
≈≈≈♣♣ ♣≈.≈≈≈≈≈≈≈≈.♣♣ ♣♣♣.≈......
≈♣♣♣ ♣.§≈≈≈≈≈≈≈≈)♣ ♣♣≈≈≈...≈...
≈♣♣♣ ♣♣≈≈≈≈≈≈≈≈..≈♣♣♣....♣≈.....
≈≈.♣♣♣♣.≈≈≈.....♣♣♣♣.≈≈..........
≈≈..........≈♣♣♣♣ ♣.....#.D.....
≈≈.≈≈≈..≈.≈♣♣♣ ♣≈≈...≈...≈≈[♣
...≈≈≈.≈≈≈≈.♣ ♣≈≈≈..♣.♣D≈÷≈≈


You could see the friendly Si-Tayit the hexer and the 27-headed Lernaean hydra.

Vanquished Creatures
  Mara (Swamp:4)
  Kirke (Swamp:4)
  An ironheart preserver (D:13)
  An ettin (D:15)
  Snorg (Orc:1)
  2 ogre magi (D:15)
  Josephine (D:13)
  Fannar (D:11)
  A shambling mangrove (Swamp:2)
  A ghost crab (Swamp:2)
  6 hydras
  6 alligators
  5 two-headed ogres
  A tengu warrior (D:15)
  A fire crab (Lair:5)
  4 skeletal warriors
  A spectral hydra (Lair:4)
  A spriggan druid (Swamp:3)
  5 swamp dragons
  2 unseen horrors (D:13)
  4 orb spiders
  An orc knight (Orc:1)
  A deep elf mage (D:14)
  3 ugly things
  4 orc sorcerers (Orc:2)
  4 cyclopes
  9 wolf spiders
  A manticore (D:14)
  A slime creature (Swamp:3)
  7 elephants
  Maurice (D:10)
  2 black mambas
  A torpor snail (Lair:5)
  6 centaur zombies
  3 centaur skeletons
  14 spiny frogs
  4 demonic crawlers
  2 komodo dragons
  A kobold demonologist (D:10)
  2 trolls
  10 jumping spiders
  9 hornets
  A troll (shapeshifter) (D:15)
  3 tyrant leeches
  5 polar bears
  6 bog bodies
  A nameless horror (Lair:4)
  5 blink frogs
  A dream sheep (Lair:6)
  A spectral black mamba (Lair:4)
  2 hippogriffs
  24 redbacks
  5 spriggans (Lair:6)
  19 yaks
  2 shadows
  5 wraiths
  4 tarantellas
  2 wyverns
  A vampire (D:13)
  3 hogs
  A human (D:8)
  4 basilisks
  3 wargs (Orc:2)
  10 vampire mosquitoes
  7 swamp worms
  3 water moccasins
  Duvessa (D:7)
  7 orc warriors
  5 porcupines
  A hexer (Spider:1)
  3 swamp drakes
  A black bear (Lair:6)
  13 ogres
  A phantom (D:9)
  2 ice beasts (D:14)
  2 necrophages
  3 sky beasts
  17 wolves
  A boggart (Lair:6)
  5 centaurs
  13 crocodiles
  11 bullfrogs
  2 gnoll sergeants (D:11)
  A wyvern skeleton (D:13)
  4 scorpions
  4 killer bees (D:13)
  5 wights
  2 howler monkeys
  3 crimson imps
  2 bullfrog zombies
  2 jellies
  A quasit (D:13)
  4 orc priests
  6 hounds
  16 orc wizards
  2 bullfrog skeletons
  An iguana (D:11)
  7 worker ants
  A hound skeleton (D:11)
  6 gnolls
  2 adders
  3 shadow imps
  3 white imps (Lair:6)
  An ooze (D:2)
  An adder zombie (D:5)
  2 dart slugs (D:1)
  4 leopard geckos
  43 orcs
  6 bats
  2 giant cockroaches (D:1)
  A goblin (D:3)
  A hobgoblin (D:1)
  12 jackals
  18 kobolds
  2 quokkas
  2 frilled lizards (D:1)
  A leopard gecko skeleton (D:7)
  A quokka skeleton (D:5)
  A quokka zombie (D:9)
  2 rats (D:1)
514 creatures vanquished.

Vanquished Creatures (collateral kills)
  The ghost of Sweeb the Basher, a journeyman FoFi of Sif Muna (Lair:4)
  A very ugly thing (Swamp:3)
  An entropy weaver (Spider:3)
  Nessos (Lair:4)
  A yaktaur captain (D:13)
  A catoblepas (Lair:5)
  Erica (D:9)
  10 hydras
  2 shambling mangroves
  3 alligators
  A two-headed ogre (Orc:2)
  An ogre mage (D:15)
  An orc high priest (Orc:1)
  13 slime creatures
  Sonja (D:11)
  4 swamp dragons
  A spectral hydra (Lair:4)
  A deep elf mage (D:15)
  6 orc sorcerers
  A wolf spider zombie (D:14)
  3 wolf spiders (Spider:1)
  A cyclops (D:14)
  3 oklob plants (Lair:5)
  11 ugly things
  9 elephants
  2 black mambas (Lair:6)
  A gargoyle (D:13)
  13 spiny frogs
  A rime drake (Lair:6)
  6 komodo dragons
  A demonic crawler (Spider:3)
  A kobold demonologist (D:11)
  2 centaur skeletons
  3 jumping spiders
  A polar bear (Lair:3)
  A troll (shapeshifter) (D:15)
  8 hornets
  Grinder (D:5)
  2 trolls
  6 tyrant leeches
  4 bog bodies
  3 hippogriffs
  8 blink frogs
  13 redbacks
  3 shadows
  10 spriggans
  7 yaks
  2 tarantellas
  2 basilisks
  4 wraiths (D:13)
  6 hogs
  A spectral komodo dragon (Lair:4)
  3 wyverns
  2 hungry ghosts
  5 swamp worms
  4 wargs
  12 vampire mosquitoes
  An acid dragon (D:13)
  13 water moccasins
  4 porcupines
  A sky beast (D:14)
  An ice beast (D:6)
  11 orc warriors
  8 swamp drakes
  3 eyes of draining
  3 ogres
  A phantom (D:7)
  2 necrophages
  2 black bears (Lair:6)
  2 boggarts (Lair:6)
  10 wolves
  9 centaurs
  4 crocodiles
  8 big kobolds
  3 bullfrogs
  A nameless horror (Swamp:2)
  3 gnoll sergeants (D:11)
  Dowan (D:7)
  A wyvern skeleton (D:13)
  2 scorpions
  4 wights
  An electric eel (Lair:6)
  5 howler monkeys
  A torpor snail simulacrum (Lair:4)
  2 crimson imps
  A quasit (D:11)
  4 jellies
  2 hounds
  A bullfrog skeleton (D:9)
  2 orc priests
  Jessica (D:3)
  2 iguanas
  Natasha (thrice) (D:4)
  8 worker ants
  17 orc wizards
  11 gnolls
  3 adders
  9 white imps (Lair:6)
  An ooze (D:1)
  2 worms
  3 adder skeletons
  An adder zombie (D:7)
  A leopard gecko (D:2)
  47 orcs
  A giant cockroach (D:4)
  2 goblins (D:1)
  A hobgoblin (D:2)
  4 jackals
  2 bats (D:1)
  A frilled lizard (D:1)
  15 kobolds
  4 rats (D:1)
  6 plants
479 creatures vanquished.

Vanquished Creatures (others)
  A ghost moth (Spider:3)
  A hydra (Swamp:3)
  2 alligators (Swamp:4)
  A centaur warrior (D:14)
  A two-headed ogre (D:15)
  A skeletal warrior (D:13)
  A deep troll (D:15)
  A spriggan druid (Swamp:4)
  3 wolf spiders
  A spiny frog (Swamp:4)
  A demonic crawler (Spider:2)
  2 jumping spiders
  A tyrant leech (Swamp:4)
  2 hornets (Swamp:2)
  A tarantella (Spider:3)
  A yak (D:14)
  A hog (Swamp:3)
  A death yak simulacrum (Lair:4)
  A swamp worm (Swamp:2)
  An ogre (D:15)
  A centaur (D:14)
  2 bullfrogs
  2 wights (D:14)
  A fire crab simulacrum (Lair:4)
  27 hexers
  An orc wizard (Orc:2)
  An ancestor (D:7)
  23 fungi
  36 plants
119 creatures vanquished.

Grand Total: 1112 creatures vanquished

Notes
Turn   | Place    | Note
-------+----------+-------------------------------------------
     0 | D:1      | zeroc00l the Merfolk Summoner began the quest for the Orb.
     0 | D:1      | Reached XP level 1. HP: 13/13 MP: 3/3
   233 | D:1      | Reached XP level 2. HP: 19/19 MP: 1/5
   237 | D:1      | Learned a level 2 spell: Call Imp
   888 | D:1      | Reached XP level 3. HP: 24/24 MP: 6/6
   897 | D:1      | Learned a level 3 spell: Call Canine Familiar
  2080 | D:2      | Reached XP level 4. HP: 26/30 MP: 6/8
  2503 | D:3      | Noticed Jessica
  2507 | D:3      | Killed Jessica
  3206 | D:3      | Reached skill level 1 in Fighting
  3206 | D:3      | Reached XP level 5. HP: 36/37 MP: 9/9
  3216 | D:3      | Learned a level 4 spell: Summon Lightning Spire
  3358 | D:4      | Reached skill level 5 in Summonings
  3600 | D:4      | Found an opulent altar of Gozag.
  3622 | D:4      | Noticed Natasha
  3626 | D:4      | Reached skill level 1 in Air Magic
  3634 | D:4      | Killed Natasha
  3634 | D:4      | Reached skill level 1 in Polearms
  3791 | D:4      | Noticed Natasha
  3798 | D:4      | Killed Natasha
  3853 | D:4      | Found a snail-covered altar of Cheibriados.
  3866 | D:4      | Reached XP level 6. HP: 38/44 MP: 8/10
  3919 | D:4      | Reached skill level 2 in Polearms
  4003 | D:4      | Found a staircase to the Ecumenical Temple.
  4026 | Temple   | Entered the Ecumenical Temple
  4034 | Temple   | Became a worshipper of Hepliaklqana the Forgotten
  4211 | D:4      | Found a shimmering blue altar of Sif Muna.
  4212 | D:4      | Found a radiant altar of Vehumet.
  4215 | D:4      | Found a shattered altar of Ashenzari.
  4216 | D:4      | Found a bloodstained altar of Trog.
  4231 | D:4      | Noticed Natasha
  4241 | D:4      | Killed Natasha
  4294 | D:4      | Found a sparkling altar of Nemelex Xobeh.
  4295 | D:4      | Found an opulent altar of Gozag.
  4312 | D:4      | Reached skill level 3 in Polearms
  4448 | D:5      | Entered Level 5 of the Dungeon
  4491 | D:5      | Noticed Grinder
  4496 | D:5      | Reached XP level 7. HP: 37/45 MP: 11/11
  4691 | D:5      | Killed Grinder
  4691 | D:5      | Reached skill level 4 in Polearms
  4737 | D:5      | Reached XP level 8. HP: 42/54 MP: 8/12
  4886 | D:5      | Got a bloodstained cloak
  4903 | D:5      | Identified the +1 cloak of Komoble {rElec Int+3 Stlth+}
                  | (You found it on level 5 of the Dungeon)
  4924 | D:5      | Found a stormy altar of Qazlal.
  5161 | D:6      | Reached skill level 5 in Polearms
  5230 | D:6      | Found a shadowy altar of Dithmenos.
  5231 | D:6      | Found a glowing silver altar of Zin.
  5231 | D:6      | Found a burning altar of Makhleb.
  5411 | D:6      | Found a burning altar of Makhleb.
  5435 | D:6      | Reached * piety under Hepliaklqana
  5599 | D:6      | Reached skill level 6 in Polearms
  6010 | D:6      | Found an ornate altar of the Wu Jian Council.
  6055 | D:6      | Found an iron altar of Okawaru.
  6349 | D:6      | Reached skill level 5 in Fighting
  6603 | D:7      | Reached XP level 9. HP: 49/61 MP: 7/13
  6613 | D:7      | Learned a level 4 spell: Summon Ice Beast
  6847 | D:7      | Reached skill level 7 in Polearms
  7249 | D:7      | Noticed Dowan
  7252 | D:7      | Noticed Duvessa
  7265 | D:7      | Killed Duvessa
  7267 | D:7      | Killed Dowan
  7292 | D:7      | Reached ** piety under Hepliaklqana
  7294 | D:7      | Remembered your ancestor Si-Tayit as a hexer
  7703 | D:8      | Found Fahosh's Specialty Armours.
  7911 | D:8      | Reached skill level 1 in Shields
  8113 | D:8      | Got a glimmering short sword
  8114 | D:8      | Identified the +5 short sword "Yleagidd" {flame, rElec rN+
                  | Int+2} (You found it on level 8 of the Dungeon)
  8159 | D:8      | Reached skill level 8 in Polearms
  8619 | D:9      | Reached skill level 5 in Air Magic
  8840 | D:9      | Reached skill level 9 in Polearms
  8840 | D:9      | Reached XP level 10. HP: 68/68 MP: 14/14
  8885 | D:9      | Reached skill level 5 in Dodging
  9015 | D:9      | Noticed Erica
  9046 | D:9      | Killed Erica
  9052 | D:9      | Learned a level 3 spell: Summon Guardian Golem
  9355 | D:9      | Found Moxog's Assorted Antiques.
  9358 | D:9      | Bought an encrusted fluorescent wand for 84 gold pieces
  9358 | D:9      | Bought a blackened jade ring for 105 gold pieces
  9405 | D:10     | Entered Level 10 of the Dungeon
  9448 | D:10     | Reached skill level 1 in Ice Magic
  9674 | D:10     | Reached skill level 10 in Polearms
  9825 | D:10     | Reached *** piety under Hepliaklqana
  9878 | D:10     | Noticed Maurice
  9910 | D:10     | Killed Maurice
 10000 | D:10     | Got a twisted spear
 10001 | D:10     | Identified the cursed +1 spear "Ucaog" {venom, *Noise rC+
                  | Int+4} (You found it on level 10 of the Dungeon)
 10180 | D:11     | Noticed Fannar
 10197 | D:11     | Killed Fannar
 10211 | D:11     | Gained mutation: Armour fits poorly on your strangely
                  | shaped body. [potion of mutation]
 10211 | D:11     | Gained mutation: Your muscles are strong. (Str +2) [potion
                  | of mutation]
 10211 | D:11     | Noticed a red ugly thing
 10260 | D:11     | Noticed a kobold demonologist
 10260 | D:11     | Noticed a kobold demonologist
 10272 | D:10     | Killed a kobold demonologist
 10373 | D:10     | Reached skill level 5 in Ice Magic
 10485 | D:10     | Reached skill level 1 in Hexes
 10492 | D:10     | Reached skill level 11 in Polearms
 10625 | D:10     | Reached XP level 11. HP: 46/72 MP: 13/17
 11175 | D:11     | Found a staircase to the Orcish Mines.
 11237 | D:11     | Noticed a cyclops
 11503 | D:11     | Killed a cyclops
 11503 | D:11     | Reached skill level 12 in Polearms
 11844 | D:11     | Killed a red ugly thing
 11848 | D:11     | Noticed a two-headed ogre
 11865 | D:11     | Killed a two-headed ogre
 12100 | D:11     | Found a staircase to the Lair.
 12141 | D:11     | Noticed Sonja
 12153 | D:11     | Killed Sonja
 12153 | D:11     | Reached skill level 5 in Spellcasting
 12283 | D:11     | Found a hazy altar of Hepliaklqana.
 12513 | Lair:1   | Entered Level 1 of the Lair of Beasts
 12716 | Lair:1   | Reached skill level 10 in Dodging
 12716 | Lair:1   | Reached skill level 1 in Invocations
 12952 | Lair:1   | Reached skill level 13 in Polearms
 13883 | Lair:2   | Reached XP level 12. HP: 70/81 MP: 14/19
 14146 | Lair:2   | Reached **** piety under Hepliaklqana
 14725 | Lair:3   | You fall into a shaft and drop 3 floors!
 14725 | Lair:6   | Entered Level 6 of the Lair of Beasts
 14730 | Lair:6   | Noticed a spriggan rider
 15150 | Lair:6   | Found a frozen archway.
 15162 | Lair:6   | Noticed a four-headed hydra
 15178 | Lair:6   | Noticed a five-headed hydra
 15180 | Lair:6   | Noticed a catoblepas
 15872 | Lair:5   | Reached skill level 14 in Polearms
 15872 | Lair:5   | Reached skill level 5 in Stealth
 16218 | Lair:4   | Noticed a six-headed hydra
 16378 | Lair:4   | Killed a six-headed hydra
 16501 | Lair:4   | Reached skill level 5 in Invocations
 16550 | Lair:4   | Found a hole to the Spider Nest.
 16934 | Lair:3   | Noticed an eight-headed hydra
 16943 | Lair:3   | Killed an eight-headed hydra
 17078 | Lair:3   | Found a staircase to the Swamp.
 17295 | Lair:3   | Noticed a seven-headed hydra
 17306 | Lair:3   | Killed a seven-headed hydra
 17601 | Lair:3   | Reached XP level 13. HP: 81/89 MP: 4/20
 17618 | Lair:3   | Reached skill level 15 in Polearms
 18443 | Lair:4   | Found a runed translucent gate.
 18443 | Lair:4   | Found a runed translucent gate.
 18444 | Lair:4   | Found a runed translucent gate.
 18546 | Lair:4   | Noticed Sweeb's ghost (journeyman FoFi)
 18605 | Lair:4   | Noticed Nessos
 19163 | Lair:4   | Reached skill level 1 in Evocations
 19191 | Lair:4   | Reached ***** piety under Hepliaklqana
 19213 | Lair:4   | Killed Nessos
 19693 | Lair:5   | Found a glowing silver altar of Zin.
 20079 | Lair:5   | Found a viscous altar of Jiyva.
 20080 | Lair:5   | Found a staircase to the Slime Pits.
 21486 | Lair:6   | Identified the +1 ring mail of Day {Int+4}
 22076 | Lair:6   | Reached skill level 1 in Armour
 23258 | Lair:6   | Reached XP level 14. HP: 97/97 MP: 24/24
 23265 | Lair:6   | Learned a level 5 spell: Irradiate
 23376 | Lair:6   | Reached skill level 1 in Transmutations
 23421 | Lair:6   | Got a creamy pearl robe
 23757 | Lair:6   | Got a spiked helmet
 23763 | Lair:6   | Identified the cursed +0 helmet of Fortitude {-Tele Str+5
                  | Dex+2 Stlth+} (You found it on level 6 of the Lair of
                  | Beasts)
 23773 | Lair:6   | Identified the +2 robe "Kikkofac" {MR+} (You found it on
                  | level 6 of the Lair of Beasts)
 24442 | Lair:5   | Reached skill level 1 in Conjurations
 25241 | Lair:4   | Killed Sweeb's ghost
 25246 | Lair:4   | Reached skill level 10 in Fighting
 25786 | D:12     | Found Xeojiatt's Antique Weapon Shop.
 27325 | D:13     | Found a gate to the Vaults.
 27325 | D:13     | Noticed an ironheart preserver
 27623 | D:13     | Killed an ironheart preserver
 27623 | D:13     | Reached skill level 5 in Transmutations
 27994 | D:13     | Noticed Josephine
 28011 | D:13     | Killed Josephine
 28044 | D:13     | Reached skill level 16 in Polearms
 28621 | Swamp:1  | Entered Level 1 of the Swamp
 30264 | Swamp:1  | You fall into a shaft and drop 1 floor!
 30469 | Swamp:2  | Reached XP level 15. HP: 82/106 MP: 13/25
 30818 | Swamp:2  | Found a transporter.
 30827 | Swamp:2  | Found a transporter.
 30828 | Swamp:2  | Noticed Gadfly's ghost (adept FoAK)
 32674 | Swamp:2  | HP: 5/107 [poisoned by a green very ugly thing]
 32680 | Swamp:2  | HP: 4/107 [poisoned by a green very ugly thing]
 32686 | Swamp:2  | HP: 3/107 [poisoned by a green very ugly thing]
 32694 | Swamp:2  | HP: 4/107 [poisoned by a green very ugly thing]
 33732 | Swamp:3  | Reached skill level 17 in Polearms
 34170 | Swamp:3  | Got a crude quarterstaff
 34519 | Lair:1   | Identified the +9 quarterstaff of Gluttony {holy, MR+} (You
                  | found it on level 3 of the Swamp)
 34604 | Orc:1    | Entered Level 1 of the Orcish Mines
 34672 | Orc:1    | Learned a level 6 spell: Statue Form
 34789 | Orc:2    | Entered Level 2 of the Orcish Mines
 35632 | Orc:1    | Found Immeyp's Gadget Emporium.
 35633 | Orc:1    | Noticed Snorg
 35647 | Orc:1    | Killed Snorg
 35647 | Orc:1    | Reached skill level 1 in Earth Magic
 35653 | Orc:1    | Bought a wand of clouds (2) for 288 gold pieces
 36072 | Orc:1    | Reached skill level 10 in Summonings
 36349 | Orc:1    | You fall into a shaft and drop 1 floor!
 36488 | Orc:2    | Paralysed by an orc sorcerer for 4 turns
 36507 | Orc:2    | Found Mimued's Distillery.
 36507 | Orc:2    | Found Joibex's Food Shop.
 36600 | Orc:2    | Bought a potion of heal wounds for 65 gold pieces
 36600 | Orc:2    | Bought a potion of heal wounds for 65 gold pieces
 36763 | Orc:2    | Found a staircase to the Elven Halls.
 37054 | Orc:2    | Found Vyqotuce's Distillery.
 37054 | Orc:2    | Found Ageocwef's Weapon Shop.
 37061 | Orc:2    | Paralysed by an orc sorcerer for 5 turns
 37086 | Orc:2    | Found a roughly hewn altar of Beogh.
 37539 | Orc:2    | Bought a potion of heal wounds for 65 gold pieces
 37569 | Orc:2    | Bought a potion of resistance for 170 gold pieces
 37671 | D:12     | Bought a bloodstained falchion for 296 gold pieces
 37671 | D:12     | Bought a glowing glaive for 351 gold pieces
 37671 | D:12     | Identified the +7 falchion "Busonah" {flame, rElec rC+
                  | Str+3} (You bought it in a shop on level 12 of the Dungeon)
 39016 | D:14     | Noticed Agnes
 39030 | D:14     | Banished Agnes
 39854 | D:14     | Found a hazy altar of Hepliaklqana.
 39873 | D:14     | Reached XP level 16. HP: 108/114 MP: 24/26
 40028 | D:15     | Entered Level 15 of the Dungeon
 40276 | D:15     | Reached skill level 10 in Transmutations
 41138 | D:15     | Found a staircase to the Depths.
 41181 | D:15     | Got a spiked chain mail
 41195 | D:15     | Found Fulafun's Assorted Antiques.
 41727 | Lair:1   | Identified the cursed +1 chain mail of Daffodils {rN+
                  | Int+2} (You found it on level 15 of the Dungeon)
 41839 | Spider:1 | Entered Level 1 of the Spider Nest
 42700 | Spider:1 | Reached skill level 5 in Evocations
 42747 | Spider:1 | Reached skill level 18 in Polearms
 44979 | Spider:2 | Identified the Almanac of Warped Snow
 46280 | Spider:3 | HP: 2/114 [disintegration (31)]
 46778 | Swamp:4  | Entered Level 4 of the Swamp
 47178 | Swamp:4  | Noticed Mara
 47183 | Swamp:4  | Noticed zeroc00l's illusion
 47216 | Swamp:4  | Noticed zeroc00l's illusion
 47371 | Swamp:4  | Noticed zeroc00l's illusion
 47386 | Swamp:4  | Killed Mara
 47386 | Swamp:4  | Reached skill level 19 in Polearms
 47410 | Swamp:4  | Noticed Kirke
 47577 | Swamp:4  | Killed Kirke
 47863 | Swamp:4  | Reached XP level 17. HP: 113/119 MP: 10/27
 47867 | Swamp:4  | Learned a level 2 spell: Blink
 48596 | Swamp:4  | Noticed the 27-headed Lernaean hydra
 48602 | Swamp:4  | Reached skill level 5 in Conjurations
 48824 | Swamp:4  | Slain by the 27-headed Lernaean hydra

Illustrated notes

Levels and vault maps discovered:
D:1:      giann_horns, layout_basic
D:2:      layout_basic, first_ration
D:3:      layout_loops_ring, uniq_jessica
D:4:      layout_rooms, grunt_temple_overflow_opulence,
          nicolae_overflow_crystal_walls, minitemple, temple_fountains,
          nicolae_gozag_seed_capital, uniq_natasha
D:5:      layout_cave_pools, serial_glass, glass_columns_c, glass_columns_c,
          glass_columns_b, grunt_qazlal_sundering, uniq_grinder
D:6:      kb_forest_paths, layout_basic, overflow_temple_1_default,
          kennysheep_mini, grunt_temple_overflow_open, makhleb_heckhound_becter
D:7:      layout_gridville, roderic_serpentine_path, uniq_duvessa
D:8:      layout_gridville, grunt_livestock, nicolae_barding_shop
D:9:      layout_roguey, serial_shops, nicolae_shop_window_shopping,
          nrook_pool_corridor, uniq_erica
D:10:     layout_basic, uniq_maurice
D:11:     layout_long_grid, david_lair_generic,
          kennysheep_orc_monster_closet_entryway, basic_altar, uniq_sonja,
          uniq_fannar
D:12:     layout_roguey, serial_shops, shop
D:13:     layout_basic, skrybe_vaults_entry_preservation, minmay_radiant,
          uniq_josephine
D:14:     layout_roguey, basic_altar, serial_bayou_lagoon_a, kennysheep_doodads,
          uniq_agnes
D:15:     hangedman_depths_entry_civil_slaughter, layout_long_grid,
          serial_shops, shop, minivault_27
Temple:   eino_temple_lava
Lair:1:   layout_gridlike, grunt_megastairs_4, infiniplex_staircase_pool_2,
          lemuel_fruit_fields
Lair:2:   layout_long_grid
Lair:3:   layout_cave_pods, skrybe_swamp_entry_bodies, st_stairs_4
Lair:4:   layout_hall_layers, spider_nest_entry_webs,
          gammafunk_ghost_necromancy, uniq_nessos
Lair:5:   layout_small_grid, dpeg_slime_entry_enclosed_altar,
          lemuel_oklob_altar, minmay_lair_oklob_chamber, lemuel_fruit_tree
Lair:6:   minmay_lair_end_enchanted_forest, layout_loops_ring,
          portal_ice_cave_entry_imps, grunt_megastairs_1, serial_bayou_shore_a
Swamp:1:  layout_falls_marsh, hangedman_swamp_blocks, swamp_pool4, st_swamp_mini
Swamp:2:  layout_basic_swamp, gammafunk_ghost_mausoleum,
          evilmike_swamp_ruin_house_2, swamp_pool4
Swamp:3:  layout_basic_swamp, nicolae_swamp_fairy_circle,
          nicolae_swamp_stair_fork
Swamp:4:  swamp_old_school, layout_basic_swamp, infiniplex_staircase_pool,
          uniq_mara, uniq_kirke
Spider:1: layout_spider_delve
Spider:2: layout_spider_delve
Spider:3: layout_chambers, einodemon_crawler_minivault
Orc:1:    layout_diamond_mine, serial_shops, nicolae_shop_statue_plus,
          uniq_snorg
Orc:2:    st_orc_town, layout_diamond_mine

Skill      XL: |  1  2  3  4  5  6  7  8  9 10 11 12 13 14 15 16 17 |
---------------+----------------------------------------------------+-----
Dodging        | 3 4 7 10 12 13 14 | 14.0
Spellcasting   | 3 4 5 7 |  7.3
Fighting       | 1 2 4 5 6 7 8 9 11 12 | 12.0
Summonings     | 5 6 7 8 9 10 | 10.0
Air Magic      | 1 2 4 5 6 |  6.0
Polearms       | 1 3 4 6 9 11 13 14 15 16 17 19 | 19.7
Stealth        | 4 5 |  5.0
Shields        | 4 |  4.0
Ice Magic      | 5 6 |  6.0
Hexes          | 2 |  2.2
Invocations    | 2 6 |  6.0
Evocations     | 3 4 5 |  5.0
Armour         | 3 4 |  4.0
Transmutations | 6 9 11 | 11.0
Conjurations   | 3 4 5 |  5.0
Earth Magic    | 2 4 |  4.4
Translocations | |  0.4

Action                   |  1- 3 |  4- 6 |  7- 9 | 10-12 | 13-15 | 16-18 || total
-------------------------+-------+-------+-------+-------+-------+-------++-------
Melee: Unarmed           |    19 |       |       |       |       |       ||    19
       Short sword       |    12 |       |       |       |       |       ||    12
       Mace              |    65 |    39 |       |       |       |       ||   104
       Trident           |       |    65 |   194 |       |       |       ||   259
       Spear             |       |       |    71 |   748 |  1585 |       ||  2404
       Tailslap          |       |       |       |       |    17 |     3 ||    20
       Glaive            |       |       |       |       |   120 |   449 ||   569
Throw: Boomerang         |       |    11 |     1 |     6 |     5 |       ||    23
       Dart              |       |     1 |    21 |    77 |    57 |    24 ||   180
 Cast: Summon Small Mamm |    33 |     2 |     4 |       |       |       ||    39
       Call Imp          |     4 |    22 |    40 |    55 |     9 |     2 ||   132
       Call Canine Famil |       |     5 |    17 |    37 |    62 |    37 ||   158
       Summon Lightning  |       |       |     4 |    28 |    78 |    39 ||   149
       Summon Guardian G |       |       |       |     5 |    10 |     4 ||    19
       Summon Ice Beast  |       |       |       |    34 |   271 |    94 ||   399
Invok: Ancestor Identity |       |     1 |     1 |       |       |       ||     2
       Recall Ancestor   |       |       |     3 |     5 |    12 |     4 ||    24
       Ancestor Life: He |       |       |     1 |       |       |       ||     1
       Transference      |       |       |       |     1 |     2 |       ||     3
Evoke: Wand              |       |       |     4 |     7 |     5 |     5 ||    21
  Use: Potion            |       |     2 |     1 |    12 |     5 |     2 ||    22
       Scroll            |       |     2 |     7 |     9 |    17 |     5 ||    40
 Stab: Sleeping          |     5 |     6 |    11 |    17 |    25 |    11 ||    75
       Distracted        |       |       |     9 |    27 |    41 |    11 ||    88
       Paralysed         |       |       |     1 |     8 |    15 |    18 ||    42
       Confused          |       |       |     1 |    11 |    25 |     1 ||    38
  Eat: Chunk             |     4 |    10 |    18 |    33 |    74 |    12 ||   151
       Ration            |       |       |       |     2 |     8 |     8 ||    18
Armor: Robe              |    34 |     5 |       |       |       |       ||    39
       Leather armour    |       |    15 |    48 |   113 |    32 |       ||   208
       Ring mail         |       |       |       |       |   179 |    98 ||   277
Dodge: Dodged            |   113 |    95 |   140 |   336 |   803 |   378 ||  1865
       Repelled          |       |       |     1 |       |    15 |     6 ||    22
Block: Buckler           |       |       |    15 |   102 |   212 |       ||   329
